 Dungeon Crawl Stone Soup version 0.25-a0-647-gd602d06 (webtiles) character file.

Game seed: 9497879604800248004, levelgen mode: deterministic

4 BeowulfAlex the Digger (level 1, 0/11 HPs)
             Began as a Gargoyle Earth Elementalist on Mar 21, 2020.
             Hit by a stone thrown by a kobold (2 damage)
             ... on level 1 of the Dungeon.
             The game lasted 00:00:43 (161 turns).

BeowulfAlex the Digger (Gargoyle Earth Elementalist) Turns: 161, Time: 00:00:44

Health: 0/11       AC:  4    Str: 11    XL:     1   Next: 60%
Magic:  0/3        EV: 12    Int: 15    God:
Gold:   11         SH:  0    Dex: 10    Spells: 3/4 levels left

rFire    . . .     SeeInvis .   (no weapon)
rCold    . . .     Gourm    .   (no shield)
rNeg     + . .     Faith    .   c - +0 robe
rPois    ∞         Spirit   .   (no helmet)
rElec    +         Reflect  .   (no cloak)
rCorr    .         Harm     .   (no gloves)
MR       .....                  (no boots)
Stlth    ++........             (no amulet)
HPRegen  0.03/turn              (no ring)
MPRegen  0.08/turn              (no ring)

@: no status effects
A: negative energy resistance 1, electricity resistance, unbreathing,
petrification resistance, rot immunity, AC +2
a: no special abilities


You were on level 1 of the Dungeon.
You were not hungry.

You visited 1 branch of the dungeon, and saw 1 of its levels.

You collected 11 gold pieces.

Inventory:

Missiles
 b - 24 stones (quivered)
Armour
 c - a +0 robe (worn)
Scrolls
 a - 4 scrolls of teleportation {unknown}
Comestibles
 d - a ration


   Skills:
 + Level 0.4 Fighting
 - Level 1.5 Dodging
 - Level 2.1 Stealth
 - Level 2.0 Spellcasting
   Level 0.7 Transmutations
 * Level 3.9 Earth Magic


You had 3 spell levels left.
You knew the following spells:

 Your Spells              Type           Power        Failure   Level  Hunger
a - Sandblast             Erth           ##....       4%          1    #......

Your spell library contained the following spells:

 Spells                   Type           Power        Failure   Level  Hunger
 Passwall                 Tmut/Erth      #.......     13%         2    ###....
 Stone Arrow              Conj/Erth      #.....       30%         3    ###....
 Petrify                  Tmut/Erth      #.......     65%         4    #####..
 Lee's Rapid Deconstruct  Erth           ##........   77%         5    ######.


Dungeon Overview and Level Annotations

Branches:
Dungeon (1/15)

Altars:


Innate Abilities, Weirdness & Mutations

You are resistant to torment.
Your stone body is resilient. (AC +2)
You are immune to poison.
You resist negative energy. (rN+)
You are resistant to electric shocks. (rElec)
You can survive without breathing.
You are immune to petrification.
You are immune to rotting.


Message History

The floor.
The giant cockroach completely misses you.
Casting: Sandblast (safe; 4% risk of failure)
Confirm with . or Enter, or press ? or * to list all spells.
Aiming: Sandblast (safe; 4% risk of failure)
Press: ? - help, Shift-Dir - straight line, f - kobold, p - giant cockroach
Aim: a kobold, wielding a +0 short sword and quivering 3 stones The blast of sand hits the giant cockroach!
You kill the giant cockroach!
b - 24 stones The kobold throws a stone.
The stone misses you.
There is an open door here.
You close the door.
A kobold opens the door.
As you close the door, it creaks loudly!
A kobold opens the door.
You close the door.
A kobold opens the door.
You close the door.
A kobold opens the door.
The kobold throws a stone.
The stone hits you.
You die...

#....# #....# #....#
####. #.# #....#
.....###.#####....#
.......#.##.K'....+
.......#.##.##....#
.......#.##.##....#
.......#.##.##..@.#
#########
.(.....#.##.##....#
#≈≈≈≈≈≈≈≈
.....(..K†..##....##
#≈≈≈≈≈≈≈≈
##.#####.#####.....#
#≈≈≈≈..[≈ #+#
###...# #≈≈≈≈.).≈
#...# #≈≈≈.....
#...# #≈≈...≈..
#...# #≈≈..≈≈≈.
#...######≈≈.≈≈≈≈≈


You could see a kobold.

Vanquished Creatures
  A giant cockroach (D:1)
  A hobgoblin (D:1)
  A bat (D:1)
  A rat (D:1)
4 creatures vanquished.

Notes
Turn   | Place    | Note
-------+----------+-------------------------------------------
     0 | D:1      | BeowulfAlex the Gargoyle Earth Elementalist began the quest
                  | for the Orb.
     0 | D:1      | Reached XP level 1. HP: 10/10 MP: 3/3
   161 | D:1      | Hit by a stone thrown by a kobold

Levels and vault maps discovered:
D:1:      dpeg_arrival_more_subterranean_lakeside_camping, layout_basic

Action                   || total
-------------------------++-------
Melee: Unarmed           ||    11
 Cast: Sandblast         ||     6
Armor: Robe              ||     9
Dodge: Dodged            ||    43

Table legend:
 A = Non-vault XP
 B = Vault XP
 C = Vault XP percentage of total XP
 D = Non-vault monster count
 E = Vault monster count
 F = Vault count percentage of total count
                 A         B        C        D         E       F
            +---------+---------+-------+---------+---------+-------
      Total |       6 |       0 |   0.0 |       4 |       0 |   0.0
            +---------+---------+-------+---------+---------+-------
        D:1 |       6 |       0 |   0.0 |       4 |       0 |   0.0
            +---------+---------+-------+---------+---------+-------
